 Dungeon Crawl Stone Soup version 0.29.1-12-g30fa7ad0bf (webtiles) character file.

Game seed: 11624442541777349967

21 GigaChad the Conjurer (level 2, -8/11 HPs)
             Began as a Felid Conjurer on Jan 15, 2023.
             Mangled by a worm (10 damage)
             ... on level 1 of the Dungeon.
             The game lasted 00:01:01 (780 turns).

GigaChad the Conjurer (Felid Conjurer)               Turns: 780, Time: 00:01:01

Health: -8/11      AC:  1    Str:  3    XL:     2   Next: 62%
Magic:  2/6        EV: 17    Int: 19    God:
Gold:   91         SH:  0    Dex: 14    Spells: 4/5 levels left
                                        Lives:  0   Deaths: 0

rFire   . . .      SeeInvis +   (weapon unavailable)
rCold   . . .      Faith    .   (shield unavailable)
rNeg    . . .      Spirit   .   (body armour unavailable)
rPois   .          Reflect  .   (helmet unavailable)
rElec   .          Harm     .   (cloak unavailable)
rCorr   .          Rampage  .   (gloves unavailable)
Will    .....                   (boots unavailable)
Stlth   ++........              (no amulet)
HPRegen 0.03/turn               (no ring)
MPRegen 0.10/turn               (no ring)

@: quick
A: very small, claws 1, fangs 3, see invisible, speed 1, shaggy fur 1, stealthy
paws, no weapons or thrown items, no armour, multi-lived
a: no special abilities


You were on level 1 of the Dungeon.
You visited 1 branch of the dungeon, and saw 2 of its levels.

You collected 91 gold pieces.

Inventory:

Scrolls
 c - a scroll of brand weapon {unknown}
Potions
 a - a potion of magic
 b - a potion of heal wounds {unknown}
 d - a potion of curing {unknown}


   Skills:
 + Level 2.7 Dodging
 + Level 2.7 Stealth
 + Level 2.1 Spellcasting
 + Level 4.2 Conjurations


You had 4 spell levels left.
You knew the following spells:

 Your Spells              Type           Power      Damage    Failure   Level
a - Magic Dart            Conj           72%        1d6       3%          1

Your spell library contained the following spells:

 Spells                   Type           Power      Damage    Failure   Level
 Searing Ray              Conj           36%        2d5       4%          2
 Dazzling Flash           Conj/Hex       20%        N/A       22%         3
 Fulminant Prism          Conj/Hex       5%         3d7       56%         4
 Iskenderun's Mystic Bla  Conj/Tloc      10%        2d4       56%         4


Dungeon Overview and Level Annotations

Branches:
Dungeon (2/15)

Altars:


Innate Abilities, Weirdness & Mutations

You have sharp claws.
You have razor-sharp teeth.
You have supernaturally acute eyesight. (SInv)
You cover ground quickly. (Speed+)
You are covered in fur. (AC +1)
Your paws help you pounce on unaware monsters.
You are incapable of wielding weapons or throwing items.
You cannot wear armour.
You gain extra lives every three experience levels.


Message History

The worm is moderately wounded.
The worm misses you.
You scratch the worm.
The worm is moderately wounded.
You scratch the worm. Your bite misses the worm.
The worm is moderately wounded.
The worm misses you.
You scratch the worm but do no damage.
The worm is moderately wounded.
The worm closely misses you.
You scratch the worm.
The worm is moderately wounded.
You scratch the worm.
The worm is heavily wounded.
The worm misses you.
You scratch the worm.
The worm is heavily wounded.
You barely miss the worm. You bite the worm.
The worm is heavily wounded.
The worm closely misses you.
You barely miss the worm.
The worm is heavily wounded.
The worm closely misses you.
You scratch the worm. You claw the worm, but do no damage.
The worm is heavily wounded.
You scratch the worm but do no damage.
The worm is heavily wounded.
The worm misses you.
You completely miss the worm.
The worm is heavily wounded.
You scratch the worm but do no damage.
The worm is heavily wounded.
The worm bites you!
Ouch! That really hurt!
* * * LOW HITPOINT WARNING * * *
You scratch the worm. Your bite misses the worm.
The worm is heavily wounded.
The worm bites you!
Ouch! That really hurt!
You die...

####..## ##........##
.....>.###..........#
........##..........#
........##..........#############
........##..........##...........
..†.†...##..........#..##########
†.......###...........##
........###.....w..#..#
......)###......@....##
......####...........#
#.#.....##...........#
#.#####.##..........## #### #.#
#.....(.......# #..# #.#
###..........## ####..# #.#
###........# #####÷..... #.#
###....#.# #.........# #.#
#.#....####.........#


You could see a worm.

Vanquished Creatures
  A dart slug (D:1)
  2 endoplasms
  A giant cockroach (D:1)
  3 hobgoblins (D:1)
  A kobold (D:2)
  2 quokkas (D:1)
  2 bats
  2 goblins (D:1)
  2 rats (D:1)
16 creatures vanquished.

Notes
Turn   | Place    | Note
-------+----------+-------------------------------------------
     0 | D:1      | GigaChad the Felid Conjurer began the quest for the Orb.
     0 | D:1      | Reached XP level 1. HP: 7/7 MP: 4/4
   277 | D:1      | Reached skill level 4 in Conjurations
   277 | D:1      | Reached XP level 2. HP: 11/11 MP: 4/6
   398 | D:1      | Found a faded altar of an unknown god.
   780 | D:1      | Mangled by a worm

Illustrated notes

Levels and vault maps discovered:
D:1:      minmay_arrival_radiant_lines, layout_rooms,
          shapermc_ecumenical_altar_pompeii
D:2:      layout_rooms

Skill      XL: |  1 |
---------------+----+-----
Conjurations   | 4 |  4.2
Dodging        | |  2.7
Stealth        | |  2.7
Spellcasting   | |  2.1

Action                   || total
-------------------------++-------
Melee: Unarmed           ||    15
       Bite              ||     2
       Punch             ||     1
 Cast: Magic Dart        ||    31
Dodge: Dodged            ||    10
